 Dungeon Sprint DCSS version 0.25.1-2-g60ff931df9 (webtiles) character file.

Game seed: 10762201888220157851

707 IcyTea the Destroyer (level 7, -13/50 HPs)
             Began as a Yellow Draconian Conjurer on Aug 19, 2020.
             Was a Priest of Vehumet.
             Mangled by an orc warrior
             ... wielding a +0 battleaxe
              (23 damage)
             ... in the Dungeon (Sprint IX: "|||||||||||||||||||||||||||||").
             The game lasted 00:08:46 (613 turns).

IcyTea the Destroyer (Yellow Draconian Conjurer)     Turns: 613, Time: 00:08:46

Health: -13/50     AC:  8    Str: 11    XL:     7   Next: 39%
Magic:  8/18       EV: 14    Int: 22    God:    Vehumet [***...]
Gold:   0          SH:  0    Dex: 12    Spells: 14/22 levels left

rFire    . . .     SeeInvis .   n - +2 morningstar of Jumiur {vorpal, rElec rC+ rN+ Int+3}
rCold    + . .     Gourm    .   (no shield)
rNeg     + . .     Faith    .   (armour unavailable)
rPois    .         Spirit   .   (helmet restricted)
rElec    +         Reflect  .   (no cloak)
rCorr    +         Harm     .   a - +0 pair of gloves
MR       .....     NoTele   +   c - +0 pair of boots
Stlth    ++........             (no amulet)
HPRegen  0.16/turn              q - +3 ring of intelligence
MPRegen  0.16/turn              p - +2 ring of evasion

@: no status effects
A: spit acid, unfitting armour, cold-blooded, acid resistance, AC +6
a: Breathe Acid, Renounce Religion


You were in the Dungeon.
You worshipped Vehumet.
Vehumet was most pleased with you.
You were not hungry.

You visited 1 branch

Inventory:

Hand Weapons
 n - the +2 morningstar of Jumiur (weapon) {vorpal, rElec rC+ rN+ Int+3}
   (You found it in the Dungeon)

   It inflicts extra damage upon your enemies.
   It affects your intelligence (+3).
   It protects you from cold.
   It insulates you from electricity.
   It protects you from negative energy.
 o - a +2 scimitar of holy wrath
Armour
 a - a +0 pair of gloves (worn)
 c - a +0 pair of boots (worn)
Magical Staves
 m - an uncursed staff of energy
Jewellery
 p - a +2 ring of evasion (right hand)
 q - a +3 ring of intelligence (left hand)
Wands
 l - a wand of acid (10)
Scrolls
 g - 3 scrolls of remove curse
 h - 2 scrolls of blinking
 k - 2 scrolls of amnesia
Potions
 d - a potion of heal wounds
 e - a potion of haste
 f - 4 potions of magic
 i - a potion of invisibility
 j - 4 potions of curing
Comestibles
 b - a ration


   Skills:
 + Level 7.8 Maces & Flails
 - Level 1.7 Dodging
 - Level 1.7 Stealth
 - Level 8.0 Spellcasting
 - Level 10.8 Conjurations
 - Level 5.2 Translocations


You had 14 spell levels left.
You knew the following spells:

 Your Spells              Type           Power        Failure   Level  Hunger
a - Magic Dart            Conj           ####         1%          1    None
b - Searing Ray           Conj           ######       1%          2    None
c - Iskenderun's Mystic   Conj/Tloc      #####...     1%          4    ###....
d - Freeze                Ice            #...         2%          1    None

Your spell library contained the following spells:

 Spells                   Type           Power        Failure   Level  Hunger
 Sandblast                Erth           #.....       2%          1    None
 Dazzling Flash           Conj/Hex       ####..       1%          3    None
 Fulminant Prism          Conj/Hex       ####......   2%          4    ###....


Dungeon Overview and Level Annotations

Branches:
Dungeon (1/1)

Altars:
Cheibriados
Dithmenos
Elyvilon
Fedhas
Gozag
Hepliaklqana
Kikubaaqudgha
Makhleb
Nemelex Xobeh
Okawaru
Qazlal
Ru
Sif Muna
Trog
Uskayaw
Vehumet
Wu Jian
Xom
Yredelemnul
Zin
The Shining One
Beogh
Jiyva
Lugonu


Innate Abilities, Weirdness & Mutations

You can spit globs of acid.
Your golden yellow scales are hard. (AC +6)
You cannot fit into any form of body armour.
You are cold-blooded and may be slowed by cold attacks.
You are resistant to acid. (rCorr)


Message History

Confirm with . or Enter, or press ? or * to list all spells.
Aiming: Searing Ray (safe; 1% risk of failure)
Press: ? - help, Shift-Dir - straight line, f - orc warrior
Aim: an orc warrior, wielding a +0 battleaxe and wearing a +0 plate armour (moderately wounded)
The searing ray hits the orc warrior.
The orc warrior is heavily wounded.
The searing ray hits the meliai.
The meliai is lightly wounded. (Press . to maintain the ray.)
The meliai calls down the wrath of its god upon you.
Something smites you!
The meliai mumbles some strange prayers to its god against you.
Something smites you!
* * * LOW HITPOINT WARNING * * *
The searing ray hits the orc warrior!
The orc warrior is severely wounded.
The searing ray hits the meliai!
The meliai is severely wounded.
The orc warrior hits you with a +0 battleaxe!!
You die... ▓▓▓▓▓▓▓▓▓▓▓▓▓▓▓▓▓▓▓▓▓▓▓▓ .....yo@.....'.)[..)...' ▓▓▓▓▓▓▓▓▓▓▓▓▓▓▓▓▓▓▓▓▓▓▓▓

You could see an orc warrior and a meliai.

Vanquished Creatures
  A yak (D)
  A phantom (D)
  An ogre (D)
  A crocodile (D)
  A bullfrog (D)
  A gnoll sergeant (D)
  A wight (D)
  A crimson imp (D)
  An iguana (D)
  An orc wizard (D)
  2 worker ants (D)
  An orc (D)
  A bat zombie (D)
  3 goblins (D)
  A kobold (D)
  A quokka (D)
  A rat (D)
20 creatures vanquished.

Notes
Turn   | Place    | Note
-------+----------+-------------------------------------------
     0 | D        | IcyTea the Draconian Conjurer began the quest for the Orb.
     0 | D        | Reached XP level 1. HP: 14/14 MP: 3/3
    11 | D        | Reached skill level 5 in Conjurations
    77 | D        | Noticed an ogre
    77 | D        | Noticed a worker ant
    77 | D        | Noticed an orc wizard
    85 | D        | Killed an orc wizard
    85 | D        | Reached skill level 7 in Conjurations
    85 | D        | Reached XP level 2. HP: 20/20 MP: 0/5
    85 | D        | Reached XP level 3. HP: 26/26 MP: 0/6
    89 | D        | Reached skill level 8 in Conjurations
    96 | D        | Killed an ogre
    96 | D        | Reached skill level 10 in Conjurations
    96 | D        | Reached XP level 4. HP: 33/33 MP: 1/7
    96 | D        | Reached XP level 5. HP: 38/38 MP: 1/8
   127 | D        | Learned a level 2 spell: Searing Ray
   132 | D        | Learned a level 4 spell: Iskenderun's Mystic Blast
   294 | D        | Found a roughly hewn altar of Beogh.
   294 | D        | Found a snail-covered altar of Cheibriados.
   294 | D        | Found a shadowy altar of Dithmenos.
   294 | D        | Found a white marble altar of Elyvilon.
   294 | D        | Found a blossoming altar of Fedhas.
   294 | D        | Found an opulent altar of Gozag.
   295 | D        | Found a hazy altar of Hepliaklqana.
   296 | D        | Found a viscous altar of Jiyva.
   297 | D        | Found an ancient bone altar of Kikubaaqudgha.
   298 | D        | Found a corrupted altar of Lugonu.
   299 | D        | Found a burning altar of Makhleb.
   300 | D        | Found a sparkling altar of Nemelex Xobeh.
   301 | D        | Found an iron altar of Okawaru.
   302 | D        | Found a stormy altar of Qazlal.
   303 | D        | Found a sacrificial altar of Ru.
   304 | D        | Found a shimmering blue altar of Sif Muna.
   305 | D        | Found a bloodstained altar of Trog.
   306 | D        | Found a hide-covered altar of Uskayaw.
   307 | D        | Found a radiant altar of Vehumet.
   308 | D        | Found an ornate altar of the Wu Jian Council.
   309 | D        | Found a shimmering altar of Xom.
   310 | D        | Found a basalt altar of Yredelemnul.
   311 | D        | Found a glowing silver altar of Zin.
   312 | D        | Found a glowing golden altar of the Shining One.
   315 | D        | Became a worshipper of Vehumet
   332 | D        | Got the +2 morningstar of Jumiur {vorpal, rElec rC+ rN+
                  | Int+3}
   356 | D        | Noticed a yak
   356 | D        | Noticed a phantom
   368 | D        | Killed a yak
   368 | D        | Reached * piety under Vehumet
   368 | D        | Offered knowledge of Freeze by Vehumet.
   368 | D        | Reached XP level 6. HP: 14/45 MP: 4/17
   373 | D        | Reached skill level 5 in Translocations
   375 | D        | HP: 1/45 [gnoll sergeant/+0 spear (7)]
   388 | D        | Reached ** piety under Vehumet
   392 | D        | Learned a level 1 spell: Freeze
   601 | D        | Noticed a meliai
   601 | D        | Noticed an orc warrior
   603 | D        | Offered knowledge of Sandblast by Vehumet.
   603 | D        | Your scales start taking on a golden yellow colour.
   603 | D        | Reached XP level 7. HP: 41/50 MP: 16/18
   603 | D        | Gained mutation: You are resistant to acid. (rCorr) [Yellow
                  | Draconian growth]
   610 | D        | Reached *** piety under Vehumet
   613 | D        | Mangled by an orc warrior

Illustrated notes

Levels and vault maps discovered:
D:        linesprint [early_d, line_temple, items_1, d_10, items_2, lair_1,
          lair_end, items_3, orc_1, orc_end, items_4, d_15, swamp_1, shoals_1,
          snake_1, spider_1, d_20, vaults_1, items_5, swamp_end, shoals_end,
          snake_end, spider_end, vaults_end, d_27, items_6, zot_1, zot_end,
          crypt_end, forest_end, elf_end, slime_end, tomb_end, abyss_end,
          pan_hell_end]

Skill      XL: |  1  2  3  4  5  6  7 |
---------------+----------------------+-----
Conjurations   | 7 10 | 10.8
Spellcasting   | 8 |  8.0
Translocations | 5 |  5.2
Maces & Flails | 4 7 |  7.8
Dodging        | |  1.7
Stealth        | |  1.7

Action                   |  1- 3 |  4- 6 |  7- 9 || total
-------------------------+-------+-------+-------++-------
Melee: Unarmed           |    13 |       |       ||    13
       Club              |    12 |    12 |       ||    24
       Tailslap          |     3 |     2 |       ||     5
       Morningstar       |       |     9 |     3 ||    12
       Scimitar          |       |     1 |       ||     1
 Cast: Magic Dart        |     6 |     4 |       ||    10
       Searing Ray       |       |     3 |     1 ||     4
       Iskenderun's Myst |       |       |     1 ||     1
  Use: Potion            |     2 |     1 |     1 ||     4
Armor: Skin              |     4 |    10 |     1 ||    15
Dodge: Dodged            |    18 |    26 |     1 ||    45
